 Dungeon Crawl Stone Soup version 0.25.0-1-g7eea58d2a3 (webtiles) character file.

Game seed: 13626805004371095882

816438 diana the Demonic Blade (level 27, -4/300 HPs)
             Began as a Demonspawn Gladiator on June 14, 2020.
             Was the Champion of Okawaru.
             Killed by divine providence
             ... invoked by a balrug
              (17 damage)
             ... on level 15 of a ziggurat.
             The game lasted 04:19:41 (88210 turns).

diana the Demonic Blade (Demonspawn Gladiator)     Turns: 88210, Time: 04:19:42

Health: -4/300     AC: 54    Str: 31    XL:     27
Magic:  0/44       EV: 27    Int: 13    God:    Okawaru [******]
Gold:   8812       SH: 35    Dex: 24    Spells: 37/43 levels left

rFire    + + .     SeeInvis +   K - +9 double sword (vorpal)
rCold    + . .     Gourm    .   q - +10 tower shield of a sewer {rPois MP+9 Int+2 Stlth-}
rNeg     + + .     Faith    .   R - +12 gold dragon scales
rPois    +         Spirit   +   (helmet unavailable)
rElec    +         Reflect  .   V - +1 cloak of Catatonia {Dex+4}
rCorr    +         Harm     +   u - +2 pair of gloves "Ygampu" {Harm +Fly Str+3}
MR       +++..                  Y - +3 pair of boots of Yqyvva Ytuo {rN+ SInv Stlth+}
Stlth    ..........             y - amulet "Dazxupri" {Spirit rF+ Dex+3}
HPRegen  0.60/turn              s - ring of Tagrevog {Wiz +Blink rElec Slay+2}
MPRegen  0.29/turn              I - ring "Peyq" {+Blink rN+ MR+ Slay+3}

@: mighty, heroism, doom-hounded, very slightly contaminated, studying Staves
A: horns 3, yellow scales 3, agile 1, demonic guardian 3, powered by pain 3,
robust 3, strong 1
}: 6/15 runes: serpentine, barnacled, slimy, silver, golden, abyssal
a: Heroism, Finesse, Renounce Religion, Evoke Blink, Evoke Flight


You were on level 15 of a ziggurat.
You worshipped Okawaru.
Okawaru was exalted by your worship.
You were not hungry.

You visited 13 branches of the dungeon, and saw 57 of its levels.
You visited the Abyss 1 time.
You visited 1 bazaar.
You visited 1 ziggurat, and saw 15 of its levels.
You also visited: Ossuary, Bailey, Gauntlet, Wizlab and Desolation.

You collected 15469 gold pieces.
You spent 6657 gold pieces at shops.

Inventory:

Hand Weapons
 K - a +9 vorpal double sword (weapon)
 Q - the +9 demon blade of Fyoz {vamp, rElec rPois}
   (You found it on level 14 of a ziggurat)

   It inflicts no extra harm, but heals its wielder when it wounds a living foe.
   It insulates you from electricity.
   It protects you from poison.
Missiles
 d - 10 throwing nets
 O - 69 javelins
 X - 110 silver javelins (quivered)
Armour
 q - the +10 tower shield of a sewer (worn) {rPois MP+9 Int+2 Stlth-}
   (Okawaru gifted it to you on level 14 of a ziggurat)

   It affects your intelligence (+2).
   It protects you from poison.
   It affects your magic capacity (+9).
   It makes you less stealthy.
 t - a +3 kite shield of reflection
 u - the +2 pair of gloves "Ygampu" (worn) {Harm +Fly Str+3}
   (You found it in the Desolation of Salt)

   It affects your strength (+3).
   It lets you fly.
   It increases damage dealt and taken.
 R - +12 gold dragon scales (worn)
 V - the +1 cloak of Catatonia (worn) {Dex+4}
   (You found it on level 5 of the Pits of Slime)

   It affects your dexterity (+4).
 Y - the +3 pair of boots of Yqyvva Ytuo (worn) {rN+ SInv Stlth+}
   (You bought it in a shop on level 2 of the Orcish Mines)

   It protects you from negative energy.
   It lets you see invisible.
   It makes you more stealthy.
Jewellery
 p - a +4 ring of slaying
 s - the ring of Tagrevog (left hand) {Wiz +Blink rElec Slay+2}
   (You found it on level 7 of a ziggurat)

   [ring of wizardry]

   It improves your spell success rate.
   It affects your accuracy and damage with ranged weapons and melee attacks
   (+2).
   It insulates you from electricity.
   It lets you blink.
 y - the amulet "Dazxupri" (around neck) {Spirit rF+ Dex+3}
   (You acquired it on level 10 of the Dungeon)

   [amulet of guardian spirit]

   It causes incoming damage to be split between your health and magic.
   It affects your dexterity (+3).
   It protects you from fire.
 I - the ring "Peyq" (right hand) {+Blink rN+ MR+ Slay+3}
   (You bought it in a shop on level 3 of the Snake Pit)

   [ring of protection from magic]

   It affects your accuracy and damage with ranged weapons and melee attacks
   (+3).
   It protects you from negative energy.
   It affects your resistance to hostile enchantments.
   It lets you blink.
Wands
 z - a wand of iceblast (44)
 H - a wand of acid (55)
 L - a wand of disintegration (9)
 T - a wand of clouds (16)
Scrolls
 e - 5 scrolls of enchant weapon
 g - 6 scrolls of immolation
 i - 2 scrolls of summoning
 l - 29 scrolls of remove curse
 m - 8 scrolls of blinking
 r - 16 scrolls of fear
 v - 29 scrolls of teleportation
 w - 2 scrolls of silence
 A - 2 scrolls of torment
 F - a scroll of brand weapon
 G - a scroll of enchant armour
 N - 11 scrolls of fog
 U - 21 scrolls of identify
 Z - 3 scrolls of vulnerability
Potions
 a - 4 potions of berserk rage
 b - 3 potions of might
 h - 6 potions of cancellation
 n - 8 potions of brilliance
 o - 20 potions of curing
 x - 6 potions of magic
 B - 6 potions of resistance
 C - 11 potions of mutation
 D - 3 potions of ambrosia
 E - 14 potions of flight
 J - 2 potions of invisibility
 M - 7 potions of haste
Books
 P - a manual of Staves
Miscellaneous
 c - a figurine of a ziggurat
Comestibles
 f - 75 rations
 j - 9 chunks of flesh


   Skills:
 - Level 22.0(27) Fighting
 - Level 22.4(27) Long Blades
 + Level 19.5(24.5) Throwing
 - Level 20.1(25.1) Armour
 - Level 21.7(26.7) Dodging
 + Level 15.1(20.1) Shields
 - Level 8.6 Spellcasting
 - Level 3.1 Conjurations
 - Level 2.7 Fire Magic
 + Level 12.6 Invocations


You had 37 spell levels left.
You knew the following spells:

 Your Spells              Type           Power        Failure   Level  Hunger
a - Starburst             Conj/Fire      ##........   100%        6    #######

Your spell library contained the following spells:

 Spells                   Type           Power        Failure   Level  Hunger
 Foxfire                  Conj/Fire      ##..         16%         1    None
 Magic Dart               Conj           ##..         16%         1    None
 Searing Ray              Conj           ##....       22%         2    None
 Shock                    Conj/Air       #...         28%         1    None
 Conjure Flame            Conj/Fire      ##......     43%         3    ##.....
 Animate Skeleton         Necr           N/A          47%         1    None
 Apportation              Tloc           #.....       47%         1    None
 Beastly Appendage        Tmut           #.....       47%         1    None
 Corona                   Hex            #......      47%         1    None
 Freeze                   Ice            #...         47%         1    None
 Infusion                 Chrm           #...         47%         1    None
 Pain                     Necr           #...         47%         1    None
 Sandblast                Erth           #.....       47%         1    None
 Sting                    Tmut/Pois      #...         47%         1    None
 Summon Butterflies       Summ           #.......     47%         1    None
 Summon Small Mammal      Summ           #...         47%         1    None
 Blink                    Tloc           N/A          61%         2    None
 Call Imp                 Summ           #.......     61%         2    None
 Corpse Rot               Necr/Air       N/A          61%         2    None
 Ensorcelled Hibernation  Hex/Ice        #.....       61%         2    None
 Passwall                 Tmut/Erth      #.......     61%         2    None
 Poisonous Vapours        Pois/Air       #.....       61%         2    None
 Shroud of Golubria       Chrm/Tloc      #.....       61%         2    None
 Slow                     Hex            #.......     61%         2    None
 Song of Slaying          Chrm           #.......     61%         2    None
 Sticks to Snakes         Tmut           #.......     61%         2    None
 Sublimation of Blood     Necr           #.........   61%         2    None
 Swiftness                Chrm/Air       #.......     61%         2    None
 Dazzling Flash           Conj/Hex       #.....       63%         3    ##.....
 Static Discharge         Conj/Air       #.......     63%         3    ##.....
 Stone Arrow              Conj/Erth      #.....       63%         3    ##.....
 Inner Flame              Hex/Fire       #.......     65%         3    ##.....
 Mephitic Cloud           Conj/Pois/Air  #.......     69%         3    ##.....
 Ignite Poison            Fire/Tmut/Pois #.......     71%         3    ##.....
 Sticky Flame             Conj/Fire      ##......     82%         4    ####...
 Call Canine Familiar     Summ           #.......     83%         3    ##.....
 Confusing Touch          Hex            #.......     83%         3    ##.....
 Frozen Ramparts          Ice            #.....       83%         3    ##.....
 Gell's Gravitas          Tloc           #.........   83%         3    ##.....
 Lesser Beckoning         Tloc           #.........   83%         3    ##.....
 Ozocubu's Armour         Chrm/Ice       #.......     83%         3    ##.....
 Recall                   Summ/Tloc      N/A          83%         3    ##.....
 Spectral Weapon          Hex/Chrm       #.......     83%         3    ##.....
 Spider Form              Tmut/Pois      #.........   83%         3    ##.....
 Summon Guardian Golem    Hex/Summ       #.......     83%         3    ##.....
 Teleport Other           Tloc           #.......     83%         3    ##.....
 Tukima's Dance           Hex            #.......     83%         3    ##.....
 Vampiric Draining        Necr           #.........   83%         3    ##.....
 Fulminant Prism          Conj/Hex       #.........   95%         4    ####...
 Iskenderun's Mystic Bla  Conj/Tloc      #.......     95%         4    ####...
 Fireball                 Conj/Fire      ##........   98%         5    #####..
 Airstrike                Air            #.........   99%         4    ####...
 Animate Dead             Necr           N/A          99%         4    ####...
 Cause Fear               Hex            #.........   99%         4    ####...
 Dispel Undead            Necr           #.......     99%         4    ####...
 Ice Form                 Ice/Tmut       #.......     99%         4    ####...
 Leda's Liquefaction      Hex/Erth       #.........   99%         4    ####...
 Olgreb's Toxic Radiance  Pois           #.......     99%         4    ####...
 Passage of Golubria      Tloc           N/A          99%         4    ####...
 Petrify                  Tmut/Erth      #.......     99%         4    ####...
 Summon Ice Beast         Ice/Summ       #.......     99%         4    ####...
 Summon Lightning Spire   Summ/Air       #.......     99%         4    ####...
 Bolt of Magma            Conj/Fire/Erth ##........   99%         5    #####..
 Agony                    Necr           #.......     100%        5    #####..
 Alistair's Intoxication  Tmut/Pois      #.......     100%        5    #####..
 Aura of Abjuration       Summ           #.........   100%        5    #####..
 Blade Hands              Tmut           #.........   100%        5    #####..
 Borgnjor's Vile Clutch   Necr/Erth      #.........   100%        5    #####..
 Excruciating Wounds      Chrm/Necr      #.........   100%        5    #####..
 Irradiate                Conj/Tmut      #.........   100%        5    #####..
 Iskenderun's Battlesphe  Conj/Chrm      #.......     100%        5    #####..
 Lee's Rapid Deconstruct  Erth           #.........   100%        5    #####..
 Lightning Bolt           Conj/Air       #.........   100%        5    #####..
 Metabolic Englaciation   Hex/Ice        #.........   100%        5    #####..
 Silence                  Hex/Air        #.........   100%        5    #####..
 Summon Demon             Summ           #.........   100%        5    #####..
 Summon Forest            Summ/Tloc      #.........   100%        5    #####..
 Summon Mana Viper        Hex/Summ       #.......     100%        5    #####..
 Yara's Violent Unravell  Hex/Tmut       #.........   100%        5    #####..
 Conjure Ball Lightning   Conj/Air       #.........   100%        6    #######
 Darkness                 Hex            #.........   100%        6    #######
 Death Channel            Necr           #.........   100%        6    #######
 Dispersal                Tloc           #.........   100%        6    #######
 Eringya's Noxious Bog    Tmut/Pois      #.........   100%        6    #######
 Freezing Cloud           Conj/Ice/Air   #.........   100%        6    #######
 Hydra Form               Tmut           #.........   100%        6    #######
 Invisibility             Hex            #.......     100%        6    #######
 Iron Shot                Conj/Erth      #.........   100%        6    #######
 Ozocubu's Refrigeration  Ice            #.........   100%        6    #######
 Shadow Creatures         Summ           N/A          100%        6    #######
 Simulacrum               Ice/Necr       #.........   100%        6    #######
 Statue Form              Tmut/Erth      #........    100%        6    #######
 Dragon Form              Tmut           #.........   100%        7    #######
 Malign Gateway           Summ/Tloc      #.........   100%        7    #######
 Monstrous Menagerie      Summ           #.........   100%        7    #######
 Orb of Destruction       Conj           ##........   100%        7    #######
 Ring of Flames           Chrm/Fire      #.........   100%        7    #######
 Spellforged Servitor     Conj/Summ      #.........   100%        7    #######
 Summon Greater Demon     Summ           #.........   100%        7    #######
 Summon Hydra             Summ           #.........   100%        7    #######
 Controlled Blink         Tloc           N/A          100%        8    #######
 Discord                  Hex            #.........   100%        8    #######
 Disjunction              Tloc           #.........   100%        8    #######
 Ignition                 Fire           ##........   100%        8    #######
 Summon Horrible Things   Summ           #.........   100%        8    #######
 Shatter                  Erth           #.........   100%        9    #######
 Tornado                  Air            #.........   100%        9    #######


Dungeon Overview and Level Annotations

Branches:
Dungeon (15/15)            Temple (1/1) D:6            Lair (6/6) D:9
 Shoals (4/4) Lair:3        Snake (4/4) Lair:4        Slime (5/5) Lair:6
    Orc (2/2) D:11            Elf (3/3) Orc:2        Vaults (5/5) D:13
  Crypt (3/3) Vaults:3       Tomb (3/3) Crypt:3      Depths (5/5) D:15
   Hell (visited)             Dis (0/7) Hell            Geh (0/7) Hell
    Coc (0/7) Hell            Tar (0/7) Hell            Zot (0/5) Depths:5
Ossuary (visited)          Bailey (visited)          WizLab (visited)
Desolation (visited)      Gauntlet (visited)

Altars:
Ashenzari
Cheibriados
Elyvilon
Gozag
Hepliaklqana
Kikubaaqudgha
Makhleb
Nemelex Xobeh
Okawaru
Qazlal
Ru
Sif Muna
Uskayaw
Vehumet
Wu Jian
Xom
Yredelemnul
Zin
The Shining One
Beogh
Jiyva

Shops:
D:8 !   D:9 }   D:13 (   Orc:2 *([}[   Shoals:2 [   Snake:2 ([%[
Snake:3 [[*=:   Snake:4 *   Vaults:1 *   Vaults:4 !   Vaults:5 =}   Depths:1 [

Portals:
Hell: Depths:1 Depths:3 Depths:4 Depths:5
Abyss: Depths:3 Depths:4 Depths:5
Pandemonium: Depths:1 Depths:3 Depths:4

Annotations:
D:9 1 runed translucent door
Depths:2 1 runed translucent door


Innate Abilities, Weirdness & Mutations

You have a pair of large horns on your head.
You are completely covered in yellow scales. (AC +4, rCorr)
A powerful demonic guardian rushes to your aid.
You are powered by pain.
You are extremely robust. (+30% HP)
You are agile. (Dex +2)
Your muscles are strong. (Str +2)


Message History

Blink to where?
Press: ? - help, Dir - move target cursor
As you read the scroll of blinking, it crumbles to dust.
The smoke demon gestures at you. Something smites you!
* * * LOW HITPOINT WARNING * * *
The torturous warmonger calls upon its god to speed up the torturous demonspawn.
The torturous demonspawn seems to speed up.
You hear a grinding noise.
The balrug gestures at you.
The bolt of fire misses the Executioner.
The bolt of fire misses you.
Unknown command.
You feel better. You block the Executioner's attack. x3
The hellwing swoops through the air toward you!
You block the hellwing's attack. x2; The orange demon completely misses you.
The hellwing barely misses you. You block the hellwing's attack.
The balrug gestures at you. Something smites you!
You die...

▓▓▓▓▓▓▓▓▓▓▓▓▓
▓▓...........▓
▓▓..#..2)2..#1.▓
▓▓..###.6.h(#.#..▓
▓▓....#(2126..#23.=▓
▓▓......)6...(42...(}
▓▓......4.463.(6..3[()
▓.∩...34642...(....:[}
▓▓....2@16...((....[$?
▓▓...4.3......
▓▓....#..6...
▓▓..###.....
▓▓..#...... ▓▓........
▓▓▓▓▓▓▓▓▓


You could see a doom hound, a Brimstone Fiend (fast, agile, black mark), a
torturous warmonger (summoned), 2 lorocyprocas, 2 balrugs, a torturous corrupter
(berserk, agile, black mark, resistant), 2 demonspawn, an Executioner (fast,
black mark, slow), 2 demonspawn, a soul eater (summoned, strong), a shadow demon
(strong, agile, black mark), a torturous demonspawn (summoned, fast, strong), an
orange demon (fast, strong, agile, black mark, resistant), 4 hellwings, 2 smoke
demons and a friendly reaper (summoned).

Vanquished Creatures
  the Royal Jelly (Slime:5)
  3 pandemonium lords
  2 juggernauts (Zig:14)
  6 ancient liches
  16 greater mummies
  Boris (twice) (Depths:4 Vaults:5)
  Saint Roka (Snake:2)
  Margery (Depths:5)
  Bai Suzhen (Depths:3)
  3 caustic shrikes (Depths:5)
  Nikola (Shoals:4)
  Geryon (Hell)
  Jory (Crypt:1)
  A golden dragon (Depths:4)
  4 bone dragons
  A hellephant (Depths:3)
  6 tentacled monstrosities
  A Hell Sentinel (Zig:10)
  An Ice Fiend (Zig:15)
  4 liches
  The ghost of royokou the Scorcher, an adept GrEE of Vehumet (Shoals:1)
  3 quicksilver dragons
  2 deep elf blademasters (Elf:3)
  A deep elf master archer (Elf:3)
  Polyphemus (Shoals:3)
  A tentacled starspawn (Abyss:3)
  A kraken (Shoals:1)
  30 acid blobs
  Gastronok (Lair:2)
  13 titans
  An Executioner (Zig:15)
  12 sphinxes
  14 ancient champions
  9 tengu reavers
  6 shadow dragons
  8 revenants
  A draconian monk (Depths:5)
  Donald (Orc:1)
  3 storm dragons
  Ilsuiw (Shoals:4)
  A fire giant (shapeshifter) (Zig:10)
  17 azure jellies
  6 nagarajas
  7 fire giants
  An azure jelly (shapeshifter) (Zig:10)
  9 frost giants
  26 vault wardens
  3 imperial myrmidons (Desolation)
  4 deep elf sorcerers
  2 iron dragons (Depths:5)
  2 balrugs
  A draconian shifter (Depths:5)
  A cacodemon (Hell)
  5 curse skulls
  4 deep elf elementalists
  5 orc warlords
  17 ironheart preservers
  9 reapers
  A ghoul (Zig:12)
  2 draconian annihilators (Depths:4)
  A spriggan defender (Depths:3)
  17 very ugly things
  2 blood saints (Zig:15)
  A caustic shrike skeleton (Crypt:2)
  An entropy weaver (shapeshifter) (Elf:3)
  6 vampire knights
  5 war gargoyles
  28 stone giants
  Nessos (D:14)
  2 minotaurs
  5 deep elf demonologists
  A green draconian (Depths:5)
  8 bennus
  11 dire elephants (Depths:3)
  A black draconian (Depths:5)
  3 lorocyprocas
  3 yellow draconians (Depths:5)
  11 deep elf annihilators
  6 spark wasps
  Azrael (D:12)
  8 statues (Depths:4)
  A purple draconian (Depths:5)
  A blizzard demon (Depths:3)
  8 eidola
  Snorg (Orc:2)
  3 halazid warlocks (Desolation)
  10 deep elf death magi
  22 mummy priests
  2 crystal guardians (Desolation)
  A quicksilver dragon zombie (Hell)
  10 ettins
  6 jiangshi
  10 fire dragons
  A fire dragon (shapeshifter) (Depths:5)
  5 death oozes
  7 merfolk javelineers
  10 merfolk impalers
  16 ogre magi
  Erolcha (D:9)
  4 rakshasas
  7 ragged hierophants (Desolation)
  5 deep elf high priests
  33 vault guards
  Harold (D:9)
  14 peacekeepers
  10 great orbs of eyes
  10 ice dragons
  10 hydras
  24 yaktaur captains
  The ghost of Vugaxizu the Nimble, a journeyman GnAM of the Shining One (D:11)
  A quicksilver dragon skeleton (Crypt:3)
  6 spriggan air magi
  8 servants of whispers (Desolation)
  16 naga warriors
  20 centaur warriors
  3 merfolk avatars
  6 death knights
  A hydra (shapeshifter) (D:12)
  3 merfolk aquamancers (Shoals:4)
  A catoblepas (Shoals:3)
  24 dancing weapons
  57 two-headed ogres
  6 anacondas
  4 death yaks (Shoals:3)
  6 deep troll shamans
  8 deep troll earth magi
  49 death scarabs
  14 naga sharpshooters
  7 tengu warriors
  Urug (Lair:4)
  12 vampire magi
  3 hell hogs (Hell)
  A thrashing horror (Zig:8)
  2 titan zombies
  7 shock serpents
  2 orc high priests
  24 deep elf knights
  2 iron golems (Hell)
  7 spriggan berserkers
  6 soul eaters
  3 titan skeletons
  Nergalle (Lair:2)
  Sonja (Lair:2)
  A fire crab (shapeshifter) (Vaults:5)
  7 shadow wraiths
  24 hell knights
  3 sixfirhies
  2 salamander mystics (Depths:1)
  36 skeletal warriors
  3 iron trolls
  3 wretched stars
  A deep troll (shapeshifter) (Vaults:5)
  8 sea snakes
  A storm dragon skeleton (Hell)
  28 deep trolls
  8 large abominations
  2 spatial maelstroms
  A death drake (shapeshifter) (Depths:4)
  An infernal demonspawn (Depths:3)
  A gelid demonspawn (Depths:3)
  5 flayed ghosts
  4 glowing orange brains
  5 small abominations
  4 unseen horrors
  6 naga ritualists
  9 wizards
  2 obsidian statues (Zig:8)
  A kraken simulacrum (Shoals:4)
  An anaconda zombie (Hell)
  2 orange crystal statues
  7 phantasmal warriors
  12 deep elf archers
  A harpy (shapeshifter) (Vaults:4)
  A tengu zombie (Zig:13)
  25 ironbrand convokers
  2 golden dragon skeletons
  14 necromancers
  19 orc knights
  17 shining eyes
  2 anaconda skeletons
  3 oklob plants
  2 shadow dragon skeletons
  7 mana vipers
  An orb spider (shapeshifter) (Vaults:5)
  7 fauns (Shoals:2)
  38 ugly things
  26 harpies
  A mana viper (shapeshifter) (Zig:10)
  2 fire giant zombies
  11 orc sorcerers
  2 stone giant zombies
  9 manticores
  58 deep elf magi
  A frost giant zombie (Crypt:1)
  2 wolf spiders
  12 cyclopes
  A wolf spider zombie (Tomb:1)
  A sphinx skeleton (Crypt:2)
  A salamander (shapeshifter) (Vaults:5)
  A worldbinder (Zig:8)
  An iron dragon skeleton (Tomb:1)
  An elephant (shapeshifter) (Vaults:5)
  2 fire giant skeletons
  17 salamanders
  13 vault sentinels
  Maurice (D:9)
  3 moths of wrath (Zig:14)
  2 frost giant skeletons
  7 guardian serpents
  22 naga magi
  4 molten gargoyles
  4 smoke demons
  8 merfolk sirens
  4 water nymphs
  An ice statue (Zig:8)
  21 elephants
  6 eyes of devastation
  A torpor snail (Lair:6)
  38 black mambas
  3 guardian serpents (shapeshifter)
  4 stone giant skeletons
  A storm dragon simulacrum (Vaults:4)
  7 rust devils (Hell)
  5 gargoyles
  A yaktaur zombie (Vaults:3)
  12 komodo dragons
  3 human zombies
  2 dire elephant skeletons
  13 spiny frogs
  A hellion (Abyss:3)
  10 freezing wraiths
  3 spectral deep trolls (Crypt:2)
  2 rime drakes
  2 efreet (Abyss:3)
  86 yaktaurs
  A hellwing (Depths:1)
  2 yaktaur skeletons
  A spark wasp simulacrum (Zig:13)
  A yaktaur (shapeshifter) (Vaults:1)
  An anaconda simulacrum (Hell)
  8 ice devils
  2 queen bees
  A hydra zombie (Hell)
  3 ancient zymes
  A tengu conjurer (Depths:2)
  A spriggan skeleton (Depths:2)
  11 trolls
  30 merfolk
  A green draconian skeleton (Tomb:2)
  5 polar bears
  5 red devils
  2 hornets (shapeshifter)
  47 guardian mummies
  7 wind drakes
  A harpy zombie (Hell)
  A polar bear (shapeshifter) (Vaults:3)
  A death drake skeleton (Crypt:2)
  71 saltlings (Desolation)
  5 hornets
  A queen bee (shapeshifter) (Depths:3)
  152 slime creatures
  A tengu simulacrum (Vaults:3)
  A wind drake (shapeshifter) (Vaults:4)
  10 snapping turtles
  Prince Ribbit (D:8)
  2 hydra skeletons
  An iron troll skeleton (Crypt:1)
  2 alligator zombies
  6 raiju
  An ice dragon zombie (Crypt:3)
  2 ettin zombies
  2 fire dragon zombies
  7 dream sheep
  25 blink frogs
  An iron dragon simulacrum (Hell)
  11 hippogriffs
  A satyr zombie (Crypt:2)
  A fire dragon skeleton (Crypt:3)
  37 flying skulls
  2 tarantellas (shapeshifter) (Zig:10)
  9 air elementals
  A black mamba zombie (Hell)
  5 shadows
  12 water elementals
  2 ettin skeletons
  5 wraiths
  24 yaks
  6 humans (D:10)
  A yak (shapeshifter) (Vaults:4)
  8 vampires
  13 fire elementals
  A shock serpent simulacrum (Hell)
  29 ushabtiu
  A black mamba skeleton (Hell)
  2 neqoxecs
  A basilisk (D:14)
  2 chaos spawn
  6 hungry ghosts
  15 golden eyes
  2 vampire mosquitoes (D:12)
  7 wyverns
  A steam dragon (D:12)
  18 wargs
  3 human simulacra
  A faun zombie (Crypt:2)
  A deep troll zombie (Crypt:1)
  59 nagas
  4 acid dragons
  An insubstantial wisp (Zig:7)
  A swamp worm (shapeshifter) (Zig:10)
  A naga (shapeshifter) (Vaults:1)
  23 water moccasins
  A soldier ant (shapeshifter) (Depths:2)
  A soldier ant (D:12)
  14 hell hounds
  8 porcupines
  A spiny frog zombie (Hell)
  2 spiny frog skeletons (Hell)
  An ice beast (shapeshifter) (Vaults:3)
  A sky beast (D:10)
  A black bear (D:13)
  71 orc warriors
  An eye of draining (shapeshifter) (Elf:1)
  4 phantoms
  11 eyes of draining
  8 starcursed masses (Abyss:3)
  A spriggan simulacrum (Depths:2)
  5 ice beasts
  An ettin simulacrum (Hell)
  A manticore zombie (Tomb:2)
  3 wolves (Orc:2)
  9 boggarts
  43 centaurs
  47 ogres
  A snapping turtle skeleton (Hell)
  An elephant skeleton (Crypt:2)
  A crocodile (shapeshifter) (Vaults:2)
  7 crocodiles
  A human skeleton (Vaults:4)
  A big kobold (D:8)
  2 elf zombies
  18 bullfrogs
  A cyclops zombie (Crypt:2)
  3 earth elementals
  A draconian skeleton (Crypt:1)
  4 scorpions
  24 killer bees
  5 wights (D:13)
  A swamp dragon simulacrum (Hell)
  A vampire bat (D:12)
  A howler monkey (D:6)
  5 electric eels
  9 crimson imps
  3 centaur zombies
  4 quasits
  A yaktaur simulacrum (Vaults:1)
  5 hounds
  4 iron imps
  8 jellies
  20 orc priests
  A black bear zombie (Crypt:1)
  3 bullfrog skeletons
  6 centaur skeletons
  3 gnoll shamans
  7 iguanas
  20 orc wizards
  5 hell rats (Hell)
  13 worker ants
  A naga zombie (Hell)
  A demigod skeleton (Crypt:1)
  An ogre skeleton (Crypt:3)
  3 hound zombies
  80 mummies
  A worker ant zombie (D:11)
  24 gnolls
  10 adders
  6 shadow imps
  2 white imps (Depths:3)
  3 ufetubi
  2 oozes (D:2)
  A halfling zombie (Crypt:2)
  An adder skeleton (D:5)
  6 dart slugs
  A worm (D:2)
  4 leopard geckos
  167 orcs
  A ball python (D:3)
  12 bats
  A bat skeleton (Crypt:2)
  10 giant cockroaches
  8 goblins
  10 hobgoblins
  2 jackals (D:7)
  5 quokkas
  2 frilled lizards
  A giant cockroach zombie (D:5)
  3 gnoll zombies (Ossuary)
  A hobgoblin zombie (Ossuary)
  23 kobolds
  A kobold zombie (Ossuary)
  3 orc zombies (Ossuary)
  A quokka zombie (D:9)
  8 rats
  8 crawling corpses
  4 fire vortices (Depths:4)
  4 tentacles (Shoals:1)
3312 creatures vanquished.

Vanquished Creatures (collateral kills)
  A titan (Depths:2)
  A deep elf master archer (Elf:3)
  2 acid blobs (Slime:5)
  A revenant (Tomb:1)
  A deep elf sorcerer (Elf:3)
  A vault warden (Vaults:5)
  A curse skull (Zig:5)
  3 reapers (Hell)
  An ironheart preserver (Vaults:4)
  A stone giant (Vaults:5)
  A juggernaut skeleton (Zig:13)
  3 very ugly things
  A dire elephant (Depths:3)
  A deep elf annihilator (Zig:9)
  2 death oozes (Slime:5)
  A deep elf high priest (Elf:3)
  An ice dragon (Depths:4)
  A yaktaur captain (Vaults:5)
  2 vault guards (Vaults:5)
  A hydra (Lair:3)
  A dancing weapon (Elf:2)
  A shock serpent (Snake:3)
  A hell hog (Hell)
  6 death scarabs (Tomb:3)
  A deep troll shaman (Vaults:1)
  A thrashing horror (Abyss:3)
  A deep elf knight (Elf:2)
  A sun demon (Hell)
  3 hell knights
  A sea snake (Shoals:4)
  A shadow wraith (Crypt:2)
  A skeletal warrior (Tomb:2)
  2 deep trolls (Vaults:1)
  An ironbrand convoker (Vaults:2)
  A harpy (Shoals:3)
  An ugly thing (Vaults:2)
  A faun (Shoals:2)
  2 deep elf magi
  An oklob plant (Lair:2)
  2 vault sentinels
  A black mamba (Snake:4)
  A rust devil (Hell)
  2 naga magi (Snake:3)
  An orange demon (Hell)
  A spiny frog (Lair:2)
  2 smoke demons (Abyss:3)
  A komodo dragon (Lair:2)
  4 guardian mummies
  2 yaktaurs
  An efreet (D:15)
  A merfolk (Shoals:1)
  A large abomination (Abyss:3)
  6 slime creatures
  2 dream sheep
  3 saltlings (Desolation)
  2 blink frogs
  2 hippogriffs
  4 flying skulls
  An air elemental (Zig:7)
  An ice dragon skeleton (Tomb:2)
  A starcursed mass (Abyss:3)
  A wraith (D:12)
  A wyvern (Lair:6)
  A golden eye (Slime:5)
  A spatial vortex (Abyss:3)
  A naga (Snake:3)
  A floating eye (Slime:4)
  2 orc warriors
  3 centaurs
  4 ogres
  A crocodile (Lair:6)
  2 big kobolds (D:8)
  2 scorpions
  A hound (D:12)
  3 orc wizards
  An orc priest (D:4)
  A human skeleton (Crypt:2)
  7 mummies
  2 adders
  A gnoll (D:5)
  An ooze (D:7)
  An adder skeleton (D:5)
  16 orcs
  A jackal (D:7)
152 creatures vanquished.

Vanquished Creatures (others)
  Frederick (Crypt:3)
  A fire giant (Vaults:5)
  A two-headed ogre (D:15)
  A deep elf knight (Elf:1)
  A necromancer (Hell)
  A cyclops (D:15)
  A centaur skeleton (D:15)
  A merfolk (Shoals:3)
  A saltling (Desolation)
  A golden eye (Slime:5)
  An orc wizard (Orc:1)
  A hell rat (Hell)
  A bullfrog simulacrum (D:12)
  47 fungi
  42 plants
  2 starspawn tentacles (Abyss:3)
  12 tentacles
  2 withered plants (Crypt:3)
118 creatures vanquished.

Grand Total: 3582 creatures vanquished

Notes
Turn   | Place    | Note
-------+----------+-------------------------------------------
     0 | D:1      | diana the Demonspawn Gladiator began the quest for the Orb.
     0 | D:1      | Reached XP level 1. HP: 16/16 MP: 1/1
   152 | D:1      | Gained mutation: A weak demonic guardian rushes to your
                  | aid. [demonic ancestry]
   152 | D:1      | Reached XP level 2. HP: 22/22 MP: 2/2
   600 | D:2      | Gained mutation: You are partially covered in yellow
                  | scales. (AC +2) [demonic ancestry]
   600 | D:2      | Reached XP level 3. HP: 28/28 MP: 3/3
  1235 | D:2      | Found a shimmering blue altar of Sif Muna.
  1305 | D:2      | Reached XP level 4. HP: 27/34 MP: 4/4
  1540 | D:3      | Reached skill level 1 in Shields
  1541 | D:3      | Gained mutation: You have a pair of small horns on your
                  | head. [demonic ancestry]
  1541 | D:3      | Reached XP level 5. HP: 26/41 MP: 5/5
  1677 | D:3      | Found a hide-covered altar of Uskayaw.
  1879 | D:3      | Found an ornate altar of the Wu Jian Council.
  2185 | D:4      | Noticed a phantom
  2241 | D:4      | Killed a phantom
  2241 | D:4      | Gained mutation: You are mostly covered in yellow scales.
                  | (AC +3) [demonic ancestry]
  2241 | D:4      | Reached XP level 6. HP: 48/48 MP: 6/6
  2624 | D:4      | Gained mutation: You sometimes gain a little power by
                  | taking damage. [demonic ancestry]
  2624 | D:4      | Reached XP level 7. HP: 54/54 MP: 7/7
  2979 | D:4      | Found a stormy altar of Qazlal.
  3018 | D:4      | Found a basalt altar of Yredelemnul.
  3176 | D:5      | Entered Level 5 of the Dungeon
  3258 | D:5      | Found a glowing silver altar of Zin.
  3351 | D:5      | Found a burning altar of Makhleb.
  3445 | D:5      | Reached skill level 1 in Armour
  3445 | D:5      | Reached skill level 5 in Dodging
  3534 | D:5      | Reached skill level 5 in Fighting
  3538 | D:5      | Reached skill level 5 in Long Blades
  3541 | D:5      | Gained mutation: You have a pair of horns on your head.
                  | [demonic ancestry]
  3541 | D:5      | Reached XP level 8. HP: 57/62 MP: 8/8
  4804 | D:6      | Found a staircase to the Ecumenical Temple.
  5148 | Temple   | Entered the Ecumenical Temple
  5166 | Temple   | Became a worshipper of Warmaster Okawaru
  5281 | D:7      | Found an opulent altar of Gozag.
  5417 | D:7      | Noticed a slime creature
  5436 | D:7      | Killed a slime creature
  5436 | D:7      | Reached * piety under Okawaru
  5436 | D:7      | Gained mutation: You have a pair of large horns on your
                  | head. [demonic ancestry]
  5436 | D:7      | Reached XP level 9. HP: 49/69 MP: 9/9
  5579 | D:7      | Found a sand-covered staircase.
  5583 | Ossuary  | Entered an ossuary
  5915 | D:7      | Reached ** piety under Okawaru
  5964 | D:7      | Found a white marble altar of Elyvilon.
  6300 | D:8      | Reached skill level 1 in Invocations
  6414 | D:8      | Reached *** piety under Okawaru
  6444 | D:8      | Noticed a three-headed hydra
  6484 | D:8      | Killed a three-headed hydra
  6484 | D:8      | Reached XP level 10. HP: 58/79 MP: 10/12
  6759 | D:9      | Found a hazy altar of Hepliaklqana.
  6759 | D:9      | Noticed Maurice
  6827 | D:8      | Noticed Prince Ribbit
  6834 | D:8      | Killed Prince Ribbit
  6834 | D:8      | Reached **** piety under Okawaru
  6897 | D:8      | Found a hazy altar of Hepliaklqana.
  6907 | D:8      | Reached skill level 5 in Armour
  7129 | D:8      | Found Waewin's Distillery.
  7135 | D:8      | Bought a potion of mutation for 88 gold pieces
  7135 | D:8      | Bought a potion of heal wounds for 55 gold pieces
  7135 | D:8      | Bought a potion of haste for 110 gold pieces
  7135 | D:8      | Bought a potion of might for 44 gold pieces
  7135 | D:8      | Bought a potion of flight for 33 gold pieces
  7135 | D:8      | Bought a potion of stabbing for 44 gold pieces
  7135 | D:8      | Bought a potion of invisibility for 88 gold pieces
  7481 | D:9      | Noticed Erolcha
  7496 | D:9      | Killed Erolcha
  7496 | D:9      | Received a gift from Okawaru
  7519 | D:9      | Found an ancient bone altar of Kikubaaqudgha.
  7554 | D:9      | Noticed Harold
  7579 | D:9      | Killed Harold
  7579 | D:9      | Reached skill level 5 in Invocations
  7703 | D:9      | Noticed a two-headed ogre
  7734 | D:9      | Killed a two-headed ogre
  7791 | D:9      | Reached ***** piety under Okawaru
  7892 | D:9      | Found a roughly hewn altar of Beogh.
  7966 | D:9      | Found a glowing silver altar of Zin.
  7966 | D:9      | Found a runed translucent door.
  7966 | D:9      | Noticed an angel
  8056 | D:9      | Killed Maurice
  8056 | D:9      | Reached XP level 11. HP: 84/86 MP: 13/15
  8254 | D:9      | Found Nuirahab's Gadget Shoppe.
  8388 | D:9      | Found a staircase to the Lair.
  8441 | D:10     | Entered Level 10 of the Dungeon
  8463 | D:10     | Received a gift from Okawaru
  8605 | D:10     | Noticed an unseen horror
  8624 | D:10     | Killed an unseen horror
  8624 | D:10     | Received a gift from Okawaru
  8682 | D:10     | Reached skill level 5 in Throwing
  9526 | D:11     | Noticed a brown ugly thing
  9564 | D:11     | Killed a brown ugly thing
  9635 | D:11     | Noticed a two-headed ogre
  9648 | D:11     | Killed a two-headed ogre
  9891 | D:11     | Found a staircase to the Orcish Mines.
 10241 | D:11     | Received a gift from Okawaru
 10279 | D:11     | Noticed Vugaxizu's ghost (journeyman GnAM)
 10298 | D:11     | Found a transporter.
 10302 | D:11     | Found a transporter.
 10450 | D:12     | Noticed Azrael
 10563 | D:12     | Noticed a four-headed hydra
 10592 | D:12     | Killed a four-headed hydra
 10851 | D:12     | Killed Azrael
 10851 | D:12     | Received a gift from Okawaru
 10861 | D:12     | Gained mutation: You sometimes gain power by taking damage.
                  | [demonic ancestry]
 10861 | D:12     | Reached XP level 12. HP: 37/94 MP: 17/17
 11003 | D:12     | Noticed an ice dragon
 11223 | Lair:1   | Entered Level 1 of the Lair of Beasts
 11463 | Lair:1   | Received a gift from Okawaru
 12307 | Lair:1   | Noticed a seven-headed hydra
 12315 | Lair:1   | Killed a three-headed hydra
 12638 | Lair:2   | Noticed a six-headed hydra
 12645 | Lair:1   | Killed a four-headed hydra
 12823 | Lair:2   | Noticed Nergalle
 12833 | Lair:1   | Reached ****** piety under Okawaru
 12885 | Lair:2   | Killed Nergalle
 12898 | Lair:2   | Received a gift from Okawaru
 12999 | Lair:2   | Noticed Sonja
 13005 | Lair:2   | Noticed a seven-headed hydra
 13019 | Lair:2   | Killed Sonja
 13020 | Lair:2   | Killed a three-headed hydra
 13020 | Lair:2   | Reached skill level 10 in Long Blades
 13194 | Lair:2   | Reached skill level 10 in Dodging
 13406 | Lair:2   | Noticed Gastronok
 13416 | Lair:2   | Killed Gastronok
 13416 | Lair:2   | Reached XP level 13. HP: 99/99 MP: 16/18
 13558 | Lair:2   | Noticed a fire dragon
 13568 | Lair:2   | Killed a fire dragon
 14393 | Lair:2   | Received a gift from Okawaru
 14396 | Lair:2   | Got a scorched great sword {god gift}
 14402 | Lair:2   | Identified the +7 great sword of the Eel {drain, rC+ Int+4}
                  | (Okawaru gifted it to you on level 2 of the Lair of Beasts)
 14682 | D:11     | Killed Vugaxizu's ghost
 15116 | Lair:3   | Found a staircase to the Shoals.
 15668 | Lair:4   | Received a gift from Okawaru
 16069 | Lair:4   | Reached skill level 10 in Armour
 16140 | Lair:4   | Noticed Urug
 16149 | Lair:4   | Killed Urug
 16149 | Lair:4   | Received a gift from Okawaru
 16523 | Lair:4   | Found a staircase to the Snake Pit.
 16976 | Lair:5   | Received a gift from Okawaru
 17245 | Lair:5   | Received a gift from Okawaru
 17248 | Lair:5   | Got an ichor-stained triple sword {god gift}
 17249 | Lair:5   | Identified the +1 triple sword "Azegosor" {vorpal, Int+2}
                  | (Okawaru gifted it to you on level 5 of the Lair of Beasts)
 17318 | Lair:5   | Gained mutation: You are robust. (+10% HP) [demonic
                  | ancestry]
 17318 | Lair:5   | Reached XP level 14. HP: 82/116 MP: 19/19
 17727 | Lair:6   | Entered Level 6 of the Lair of Beasts
 17727 | Lair:6   | Found a viscous altar of Jiyva.
 17727 | Lair:6   | Found a staircase to the Slime Pits.
 17913 | Orc:1    | Entered Level 1 of the Orcish Mines
 18490 | Orc:1    | Noticed an orc warlord
 18529 | Orc:1    | Killed an orc warlord
 18564 | Orc:1    | Found a roughly hewn altar of Beogh.
 18925 | Orc:2    | Entered Level 2 of the Orcish Mines
 18925 | Orc:2    | Found a staircase to the Elven Halls.
 19106 | Orc:2    | Noticed Snorg
 19107 | Orc:2    | Noticed Donald
 19297 | Orc:2    | Received a gift from Okawaru
 19309 | Orc:1    | Killed Donald
 19693 | Orc:2    | Killed Snorg
 19881 | Orc:2    | HP: 5/116 [centaur warrior/arrow (16)]
 20307 | Orc:2    | Found Bogul's Bounteous Boutique.
 20319 | Orc:2    | Bought a potion of berserk rage for 70 gold pieces
 20319 | Orc:2    | Bought a potion of brilliance for 56 gold pieces
 20918 | Orc:2    | Found Ufraox's Gadget Shoppe.
 20918 | Orc:2    | Found Zubaocosa's Antique Armour Shop.
 20920 | Orc:2    | Found Faareiplu's Antique Weapon Boutique.
 20922 | Orc:2    | Found Jonudu's Armour Emporium.
 21026 | Orc:2    | Bought a scroll of brand weapon for 280 gold pieces
 21026 | Orc:2    | Bought the +3 pair of boots of Yqyvva Ytuo {rN+ SInv
                  | Stlth+} for 527 gold pieces
 21026 | Orc:2    | Bought a scroll of blinking for 105 gold pieces
 21754 | Lair:6   | Received a gift from Okawaru
 22027 | Lair:6   | Received a gift from Okawaru
 22203 | Lair:6   | Gained mutation: You are powered by pain. [demonic
                  | ancestry]
 22203 | Lair:6   | Reached XP level 15. HP: 111/122 MP: 21/21
 23866 | D:12     | Received a gift from Okawaru
 23905 | D:12     | Identified Jamaoj's Collected Works on Augmentations and
                  | Intoxication
 24340 | D:12     | Received a gift from Okawaru
 24346 | D:12     | Got an ancient plate armour {god gift}
 24357 | D:12     | Identified the +1 plate armour of Tender Moments {rN+ Dex-5
                  | Slay+3 Stlth+} (Okawaru gifted it to you on level 12 of the
                  | Dungeon)
 24811 | D:13     | Found a transporter.
 24817 | D:13     | Noticed an orc warlord
 25394 | D:13     | Found Pateorph's Weapon Emporium.
 25669 | D:13     | Found a gate to the Vaults.
 26021 | D:14     | Found a flagged portal.
 26028 | Bailey   | Entered a bailey
 26033 | Bailey   | Noticed an orc warlord
 26109 | Bailey   | Found a runed translucent gate.
 26111 | Bailey   | Found a runed translucent gate.
 26112 | Bailey   | Found a runed translucent gate.
 26240 | Bailey   | Killed an orc warlord
 26289 | D:14     | Found a gate leading to a gauntlet.
 26298 | Gauntlet | Entered a Gauntlet
 26298 | Gauntlet | Found a transporter.
 26298 | Gauntlet | Found a transporter.
 26316 | Gauntlet | Found a transporter.
 26320 | Gauntlet | Found a transporter.
 26328 | Gauntlet | Found a transporter.
 26332 | Gauntlet | Found a transporter.
 26340 | Gauntlet | Found a transporter.
 26356 | Gauntlet | Found a transporter.
 26370 | Gauntlet | Found a transporter.
 26374 | Gauntlet | Found a transporter.
 26383 | Gauntlet | Found a transporter.
 26386 | Gauntlet | Found a transporter.
 26582 | Gauntlet | Identified the Compendium of Displacement and Sinister Arts
 26681 | Gauntlet | Got a fine wooden ring
 26684 | Gauntlet | Identified the ring "Wogub" {rPois rN+ MR+} (You found it
                  | in a Gauntlet)
 27100 | D:14     | Reached skill level 10 in Throwing
 27209 | D:14     | Noticed Nessos
 27237 | D:14     | Killed Nessos
 27237 | D:14     | Received a gift from Okawaru
 27556 | D:14     | Reached XP level 16. HP: 129/129 MP: 22/22
 27666 | D:15     | Entered Level 15 of the Dungeon
 27675 | D:15     | Received a gift from Okawaru
 27791 | D:15     | Received a gift from Okawaru
 28192 | D:15     | Found a staircase to the Depths.
 28427 | D:15     | Found a sacrificial altar of Ru.
 28691 | D:13     | Found a roughly hewn altar of Beogh.
 28691 | D:13     | Found a transporter.
 28942 | Snake:1  | Entered Level 1 of the Snake Pit
 29089 | Snake:1  | Received a gift from Okawaru
 29771 | Snake:2  | Received a gift from Okawaru
 29835 | Snake:2  | Received a gift from Okawaru
 30510 | Snake:2  | Found Qaapnoir's Food Emporium.
 30510 | Snake:2  | Found Dyq Ynui's Armour Shoppe.
 30511 | Snake:2  | Found Gyaridou's Armour Emporium.
 30542 | Snake:2  | Found Umovac's Antique Weapon Shoppe.
 31024 | Snake:2  | Noticed Saint Roka
 31048 | Snake:2  | Killed Saint Roka
 31048 | Snake:2  | Received a gift from Okawaru
 31049 | Snake:2  | Got a shimmering scimitar {god gift}
 31050 | Snake:2  | Identified the +5 scimitar "Menkaj" {vorpal, rElec Str-2
                  | SInv} (Okawaru gifted it to you on level 2 of the Snake
                  | Pit)
 31738 | Snake:3  | Found Rusch's Antique Armour Shop.
 31825 | Snake:3  | Found Xiygoraj's Antique Armour Emporium.
 31945 | Snake:3  | Reached skill level 10 in Fighting
 31945 | Snake:3  | Reached XP level 17. HP: 101/140 MP: 23/23
 32137 | Snake:3  | Found Beache's Assorted Antiques.
 32197 | Snake:3  | Received a gift from Okawaru
 32264 | Snake:3  | Reached skill level 15 in Long Blades
 32398 | Snake:3  | Bought a steaming copper ring for 135 gold pieces
 32398 | Snake:3  | Bought a warped tin amulet for 135 gold pieces
 32398 | Snake:3  | Identified the ring "Peyq" {+Blink rN+ MR+ Slay+3} (You
                  | bought it in a shop on level 3 of the Snake Pit)
 32405 | Snake:3  | Identified the amulet "Vustuatz" {Inacc rF+ Str+7} (You
                  | bought it in a shop on level 3 of the Snake Pit)
 32457 | Snake:3  | Found Vesaurph's Book Boutique.
 32492 | Snake:3  | Found Hethap's Jewellery Boutique.
 32539 | Snake:3  | Received a gift from Okawaru
 32986 | Snake:4  | Entered Level 4 of the Snake Pit
 32987 | Snake:4  | Found a glowing silver altar of Zin.
 33933 | Snake:4  | Received a gift from Okawaru
 34234 | Snake:4  | Got a serpentine rune of Zot
 34300 | Snake:4  | Found Rontiylo's Mayhem Merchandise.
 34859 | D:13     | Received a gift from Okawaru
 34893 | D:13     | Got a pair of polished gloves
 35020 | D:13     | Identified the cursed -3 pair of gloves of Xepni {rC+
                  | Dex+4} (You found it on level 13 of the Dungeon)
 35215 | Shoals:1 | Entered Level 1 of the Shoals
 35437 | Shoals:1 | Received a gift from Okawaru
 35601 | Shoals:1 | Reached XP level 18. HP: 119/156 MP: 24/24
 36067 | Shoals:1 | Noticed royokou's ghost (adept GrEE)
 36071 | Shoals:1 | Found a runed translucent gate.
 36071 | Shoals:1 | Found a runed translucent gate.
 36071 | Shoals:1 | Found a runed translucent gate.
 36204 | Shoals:1 | Killed royokou's ghost
 36204 | Shoals:1 | Received a gift from Okawaru
 36367 | Shoals:1 | Got a warped turquoise ring
 36369 | Shoals:1 | Identified the Almanac of the Vitriolic Blaze
 36419 | Shoals:1 | Identified the ring of Afacwuef {Ice Slay+3 SInv} (You
                  | found it on level 1 of the Shoals)
 36474 | Shoals:2 | Received a gift from Okawaru
 36914 | Elf:1    | Entered Level 1 of the Elven Halls
 37252 | Elf:1    | Reached skill level 5 in Shields
 37693 | Elf:1    | Received a gift from Okawaru
 37799 | Elf:1    | Received a gift from Okawaru
 38378 | Elf:2    | Received a gift from Okawaru
 38861 | Elf:2    | Found a runed translucent gate.
 38862 | Elf:2    | Found a runed translucent gate.
 38921 | Elf:2    | Found a runed translucent gate.
 38928 | Elf:2    | Gained mutation: A demonic guardian rushes to your aid.
                  | [demonic ancestry]
 38928 | Elf:2    | Reached XP level 19. HP: 167/167 MP: 25/25
 39052 | Elf:2    | Received a gift from Okawaru
 39157 | Elf:2    | Received a gift from Okawaru
 39347 | Elf:2    | Received a gift from Okawaru
 39352 | Elf:2    | Got a translucent morningstar {god gift}
 39579 | Elf:3    | Entered Level 3 of the Elven Halls
 39601 | Elf:3    | Found a flickering gateway to a bazaar.
 39606 | Bazaar   | Entered a bazaar
 39606 | Bazaar   | Found Duich's Assorted Antiques.
 39610 | Bazaar   | Found Uttiunn's Armour Shop.
 39618 | Bazaar   | Found Voivuef's Food Emporium.
 39625 | Bazaar   | Found Mietim's Distillery.
 39654 | Bazaar   | Found Inwogein's Assorted Antiques.
 39702 | Bazaar   | Bought a potion of curing for 27 gold pieces
 39702 | Bazaar   | Bought a potion of heal wounds for 45 gold pieces
 39702 | Bazaar   | Bought a potion of heal wounds for 45 gold pieces
 39702 | Bazaar   | Bought a potion of curing for 27 gold pieces
 39717 | Bazaar   | Bought a potion of curing for 63 gold pieces
 39730 | Bazaar   | Bought 2 scrolls labeled PUMUR XER XIF for 52 gold pieces
 39731 | Bazaar   | Bought a scroll of identify for 52 gold pieces
 39732 | Bazaar   | Bought a crude ring mail for 234 gold pieces
 39742 | Bazaar   | Identified the +1 ring mail "Fumyn" {+Inv rF- Dex+5 SInv}
                  | (You bought it in a shop in a bazaar)
 39755 | Bazaar   | Bought a double sword for 315 gold pieces
 40971 | Elf:3    | Reached XP level 20. HP: 174/174 MP: 19/26
 40979 | Elf:3    | Received a gift from Okawaru
 40989 | Elf:3    | Reached skill level 10 in Shields
 40992 | Elf:3    | Received a gift from Okawaru
 40993 | Elf:3    | Got a smouldering scimitar {god gift}
 41025 | Elf:3    | Identified the +0 scimitar of Udias {flame, rN+ Stlth+}
                  | (Okawaru gifted it to you on level 3 of the Elven Halls)
 41064 | Elf:3    | Identified the amulet "Zoud" {Acrobat rElec Str+3 Dex+2}
 41240 | Elf:3    | Found the cursed necklace of Bloodlust {*Rage +Rage MR++
                  | Int-3 Slay+6 *Curse}
 41241 | Elf:3    | Identified Xaun's Collected Works on Unholy Arts and the
                  | Snowflakes
 41256 | Elf:3    | Got a pitted lead ring
 41265 | Elf:3    | Found the +8 storm bow {elec, penet}
 41287 | Elf:3    | Got a translucent bronze ring
 41304 | Elf:3    | Identified Buen Ysch's Reference Book on Protection and the
                  | Mountains
 41340 | Elf:3    | Identified 3 scrolls of acquirement
 41546 | Lair:1   | Identified the ring "Monailic" {rF+ rN+ Int+3 Stlth-} (You
                  | found it on level 3 of the Elven Halls)
 41548 | Lair:1   | Identified the ring "Plog" {+Fly rF+} (You found it on
                  | level 3 of the Elven Halls)
 42348 | Shoals:2 | Found Cusuet's Armour Shop.
 42526 | Shoals:3 | Cast into level 3 of the Abyss (merfolk impaler)
 42527 | Abyss:3  | Found a corrupted altar of Lugonu.
 42775 | Abyss:3  | Got an abyssal rune of Zot
 42811 | Abyss:3  | Received a gift from Okawaru
 43071 | Shoals:3 | Escaped the Abyss
 43463 | Shoals:3 | Received a gift from Okawaru
 43879 | Shoals:3 | Received a gift from Okawaru
 44415 | Shoals:3 | Noticed Polyphemus
 44833 | Shoals:3 | Killed Polyphemus
 44919 | Shoals:4 | Entered Level 4 of the Shoals
 44979 | Shoals:4 | Noticed Ilsuiw
 45001 | Shoals:4 | Killed Ilsuiw
 45027 | Shoals:4 | Got a crude leather armour
 45318 | Shoals:4 | Identified the +3 leather armour of Experimentation {Dex+3
                  | SInv} (You found it on level 4 of the Shoals)
 45645 | Shoals:4 | Identified the Compendium of Slavery and Poisoning
 45751 | Shoals:4 | Received a gift from Okawaru
 46011 | Shoals:4 | Got a barnacled rune of Zot
 46073 | Shoals:4 | Noticed Nikola
 46091 | Shoals:4 | Killed Nikola
 47300 | Vaults:1 | Entered Level 1 of the Vaults
 47326 | Vaults:1 | Reached XP level 21. HP: 140/181 MP: 27/27
 47402 | Vaults:1 | Found a magical portal.
 47407 | WizLab   | Entered Doroklohe's Tomb
 47618 | Vaults:1 | You fall into a shaft and drop 1 floor!
 47778 | Vaults:1 | Found Meghokego's General Store.
 47783 | Vaults:1 | Reached skill level 15 in Armour
 47783 | Vaults:1 | Reached skill level 15 in Dodging
 47882 | Vaults:1 | Identified the +8 great sword of Somewhere Else {freeze,
                  | rF++ rC-}
 47925 | Vaults:1 | Found a ruined gateway.
 47941 | Desolati | Entered the Desolation of Salt
 48526 | Desolati | Received a gift from Okawaru
 48550 | Desolati | Got a transparent demon blade {god gift}
 48551 | Desolati | Identified the +1 demon blade "Ynnausus" {drain, +Inv rC+
                  | Dex-4} (Okawaru gifted it to you in the Desolation of Salt)
 49377 | Desolati | Identified the +3 ring mail of Supple Strength {rF+ Str+4
                  | Dex+4 Stlth+} (You found it in the Desolation of Salt)
 49393 | Desolati | Identified Nouje's Almanac of the Noxious Volcanoes
 50010 | Desolati | Received a gift from Okawaru
 50043 | Desolati | Identified the ring of the Dragon {+Fly rN+ Dex+3 SInv}
                  | (You found it in the Desolation of Salt)
 50045 | Desolati | Identified the amulet of Kiufock {Acrobat rF+ Int-5 Stlth+}
                  | (You found it in the Desolation of Salt)
 50277 | Desolati | Received a gift from Okawaru
 50314 | Desolati | Got a pair of brightly glowing gloves
 50325 | Desolati | Identified the +2 pair of gloves "Ygampu" {Harm +Fly Str+3}
                  | (You found it in the Desolation of Salt)
 50737 | Vaults:1 | Received a gift from Okawaru
 50806 | Vaults:1 | Reached XP level 22. HP: 183/189 MP: 28/28
 52009 | Snake:3  | Bought an ichor-stained crystal plate armour for 3400 gold
                  | pieces
 52019 | Snake:3  | Identified the +5 crystal plate armour of the Morning {rC+
                  | Str+2} (You bought it in a shop on level 3 of the Snake
                  | Pit)
 53225 | Vaults:2 | Received a gift from Okawaru
 54684 | Vaults:3 | Received a gift from Okawaru
 54688 | Vaults:3 | Found a staircase to the Crypt.
 54690 | Vaults:3 | Identified the -1 pair of boots of the Realm of Zot {rElec
                  | MR- Slay+4} (Okawaru gifted it to you on level 3 of the
                  | Vaults)
 55549 | Vaults:3 | Reached skill level 10 in Invocations
 55675 | Vaults:3 | Reached skill level 15 in Fighting
 56127 | Vaults:4 | Gained mutation: You are completely covered in yellow
                  | scales. (AC +4, rCorr) [demonic ancestry]
 56127 | Vaults:4 | Reached XP level 23. HP: 199/199 MP: 30/30
 56306 | Vaults:4 | Received a gift from Okawaru
 56386 | Vaults:4 | Received a gift from Okawaru
 56546 | Vaults:4 | Reached skill level 15 in Throwing
 56664 | Vaults:2 | Got a glimmering double sword {god gift}
 56665 | Vaults:2 | Identified the +8 double sword of Perversion {drain, rElec
                  | Str+3 Int-5 Stlth+} (Okawaru gifted it to you on level 2 of
                  | the Vaults)
 57054 | Vaults:4 | Found Raotz's Distillery.
 57071 | Vaults:4 | Bought a potion of curing for 57 gold pieces
 57071 | Vaults:4 | Bought a potion of heal wounds for 95 gold pieces
 57071 | Vaults:4 | Bought a potion of curing for 57 gold pieces
 57071 | Vaults:4 | Bought a potion of haste for 190 gold pieces
 57071 | Vaults:4 | Bought a potion of might for 76 gold pieces
 57071 | Vaults:4 | Bought a potion of magic for 152 gold pieces
 57168 | Vaults:4 | Received a gift from Okawaru
 58024 | D:10     | Got the amulet "Dazxupri" {Spirit rF+ Dex+3}
 58449 | Depths:1 | Entered Level 1 of the Depths
 58503 | Depths:1 | Received a gift from Okawaru
 58644 | Depths:1 | Found Halomien's Armour Shop.
 59169 | Depths:1 | Found a one-way gate leading to the halls of Pandemonium.
 59356 | Depths:1 | Received a gift from Okawaru
 59368 | Depths:1 | Found a gateway to Hell.
 59799 | Depths:2 | Found a runed translucent door.
 59818 | Depths:2 | Received a gift from Okawaru
 61071 | Depths:3 | Gained mutation: You are very robust. (+20% HP) [demonic
                  | ancestry]
 61071 | Depths:3 | Reached XP level 24. HP: 105/229 MP: 30/30
 61430 | Depths:3 | Found a one-way gate to the infinite horrors of the Abyss.
 62368 | Depths:3 | Noticed Bai Suzhen
 62377 | Depths:3 | Killed Bai Suzhen
 62377 | Depths:3 | Received a gift from Okawaru
 62816 | Depths:4 | Found a gateway to a ziggurat.
 63848 | Depths:4 | Found a radiant altar of Vehumet.
 63848 | Depths:4 | Noticed Boris
 63859 | Depths:4 | Killed Boris
 63859 | Depths:4 | Reached skill level 15 in Shields
 64052 | Depths:4 | Identified the +1 chain mail of Hileraw {rN+ Stlth+} (You
                  | found it on level 4 of the Depths)
 64058 | Depths:4 | Identified the +1 ring mail "Fawk" {MR+ Stlth+} (You found
                  | it on level 4 of the Depths)
 64169 | Depths:4 | Found the +2 Maxwell's thermic engine {flame, freeze}
 64380 | Depths:5 | Entered Level 5 of the Depths
 64496 | Depths:5 | Received a gift from Okawaru
 64596 | Depths:5 | Reached XP level 25. HP: 224/236 MP: 22/30
 65822 | Depths:5 | Found a gate to the Realm of Zot.
 65908 | Depths:5 | Noticed Margery
 65914 | Depths:5 | Killed Margery
 66084 | Depths:5 | Found a glowing golden altar of the Shining One.
 66798 | Vaults:5 | Entered Level 5 of the Vaults
 66821 | Vaults:5 | Noticed an ancient lich
 66828 | Vaults:5 | Killed an ancient lich
 66828 | Vaults:5 | Received a gift from Okawaru
 67634 | Vaults:5 | Found Genimiur's Gadget Shop.
 67696 | Vaults:5 | Noticed Boris
 67707 | Vaults:5 | Killed Boris
 67904 | Vaults:5 | Received a gift from Okawaru
 68023 | Vaults:5 | Gained mutation: A powerful demonic guardian rushes to your
                  | aid. [demonic ancestry]
 68023 | Vaults:5 | Reached XP level 26. HP: 241/246 MP: 30/30
 68702 | Vaults:5 | Got a silver rune of Zot
 69214 | Vaults:5 | Received a gift from Okawaru
 69268 | Vaults:5 | Identified the +7 rapier of Qucady {freeze, Stlth+}
 69568 | Vaults:5 | Found Tisirud's Jewellery Shoppe.
 70673 | Crypt:1  | Entered Level 1 of the Crypt
 70721 | Crypt:1  | Noticed Jory
 70731 | Crypt:1  | Killed Jory
 71262 | Crypt:1  | Received a gift from Okawaru
 72665 | Crypt:3  | Entered Level 3 of the Crypt
 73298 | Crypt:3  | Gained mutation: You are extremely robust. (+30% HP)
                  | [demonic ancestry]
 73298 | Crypt:3  | Reached XP level 27. HP: 250/279 MP: 30/30
 73438 | Crypt:3  | Noticed an ancient lich
 73442 | Crypt:3  | Killed an ancient lich
 73472 | Crypt:3  | Noticed Frederick
 73480 | Crypt:3  | Killed Frederick
 73623 | Crypt:3  | Found an ancient bone altar of Kikubaaqudgha.
 73625 | Crypt:3  | Noticed an ancient lich
 73632 | Crypt:3  | Killed an ancient lich
 73636 | Crypt:3  | Noticed an ancient lich
 73644 | Crypt:3  | Killed an ancient lich
 73644 | Crypt:3  | Received a gift from Okawaru
 73716 | Crypt:3  | Found the +9 staff of Wucad Mu {channel}
 73750 | Crypt:3  | Noticed an ancient lich
 73755 | Crypt:3  | Killed an ancient lich
 73755 | Crypt:3  | Received a gift from Okawaru
 74024 | Crypt:3  | Found a staircase to the Tomb.
 74237 | Crypt:3  | Received a gift from Okawaru
 74254 | Crypt:3  | Got a faintly glowing golden amulet
 74815 | Slime:1  | Entered Level 1 of the Pits of Slime
 75016 | Slime:2  | Gained mutation: Your spells are a little easier to cast,
                  | but a little less powerful. [a shining eye]
 75035 | Slime:2  | Received a gift from Okawaru
 75802 | Slime:3  | Gained mutation: You tend to lose your temper in combat. [a
                  | shining eye]
 77606 | Slime:5  | Entered Level 5 of the Pits of Slime
 77895 | Slime:5  | Noticed the Royal Jelly
 77913 | Slime:5  | Killed the Royal Jelly
 78528 | Slime:5  | Got a slimy rune of Zot
 78575 | Slime:5  | Identified the Compendium of the Noxious Escort
 78585 | Slime:5  | Got a dazzling cloak
 78596 | Slime:5  | Identified the +1 cloak of Catatonia {Dex+4} (You found it
                  | on level 5 of the Pits of Slime)
 78596 | Slime:5  | Identified the amulet of Fiutoupp {Acrobat rElec rC- SInv}
                  | (You found it on level 3 of the Crypt)
 78619 | Slime:5  | Identified the cursed -3 pair of boots of Integrity {rN+}
                  | (You found it on level 5 of the Pits of Slime)
 78777 | Slime:5  | Gained mutation: You are clumsy. (Dex -2) [a shining eye]
 78887 | Slime:5  | Lost mutation: You are clumsy. (Dex -2) [potion of
                  | mutation]
 78887 | Slime:5  | Lost mutation: You tend to lose your temper in combat.
                  | [potion of mutation]
 78887 | Slime:5  | Lost mutation: Your spells are a little easier to cast, but
                  | a little less powerful. [potion of mutation]
 78887 | Slime:5  | Gained mutation: Your muscles are strong. (Str +2) [potion
                  | of mutation]
 78887 | Slime:5  | Gained mutation: You are agile. (Dex +2) [potion of
                  | mutation]
 78912 | Slime:4  | Paralysed by a floating eye for 4 turns
 78922 | Slime:4  | Received a gift from Okawaru
 79779 | Tomb:1   | Entered Level 1 of the Tomb of the Ancients
 80633 | Tomb:1   | Noticed a greater mummy
 80641 | Tomb:1   | Killed a greater mummy
 80926 | Tomb:1   | Noticed a greater mummy
 80929 | Tomb:1   | Killed a greater mummy
 80932 | Tomb:1   | Paralysed by a Zot trap for 5 turns
 81582 | Tomb:2   | Noticed a greater mummy
 81587 | Tomb:2   | Noticed an ancient lich
 81589 | Tomb:2   | Killed a greater mummy
 81590 | Tomb:2   | Noticed a greater mummy
 81590 | Tomb:2   | Noticed a greater mummy
 81592 | Tomb:2   | Killed a greater mummy
 81602 | Tomb:2   | Killed a greater mummy
 81617 | Tomb:2   | Killed an ancient lich
 81738 | Tomb:2   | Received a gift from Okawaru
 82852 | Tomb:3   | Entered Level 3 of the Tomb of the Ancients
 82872 | Tomb:3   | Noticed a greater mummy
 82879 | Tomb:3   | Killed a greater mummy
 82879 | Tomb:3   | Received a gift from Okawaru
 82880 | Tomb:3   | Noticed a greater mummy
 82883 | Tomb:3   | Noticed a greater mummy
 82884 | Tomb:3   | Killed a greater mummy
 82886 | Tomb:3   | Killed a greater mummy
 82904 | Tomb:3   | Noticed a greater mummy
 82909 | Tomb:3   | Killed a greater mummy
 82969 | Tomb:3   | Noticed a greater mummy
 82975 | Tomb:3   | HP: 12/291 [something (9)]
 82975 | Tomb:3   | Killed a greater mummy
 82975 | Tomb:3   | HP: 1/291 [something (11)]
 82980 | Tomb:3   | Noticed a greater mummy
 83072 | Tomb:3   | Noticed a greater mummy
 83078 | Tomb:3   | Killed a greater mummy
 83270 | Tomb:3   | Noticed a greater mummy
 83275 | Tomb:3   | Killed a greater mummy
 83275 | Tomb:3   | Received a gift from Okawaru
 83362 | Tomb:3   | Got a golden rune of Zot
 83419 | Tomb:3   | Killed a greater mummy
 83455 | Tomb:3   | Noticed a greater mummy
 83459 | Tomb:3   | Killed a greater mummy
 83792 | Tomb:3   | Received a gift from Okawaru
 83807 | Tomb:3   | Found the ring of the Mage {Wiz MR++ Int+3}
 83846 | Tomb:3   | Identified the Catalogue of the Traveller
 83891 | Tomb:3   | Identified the ring "Nymos" {MP+9 SInv} (You found it on
                  | level 3 of the Tomb of the Ancients)
 84024 | Tomb:3   | Identified Tobeall's Guide on Virous Black Arts
 84104 | Tomb:3   | Identified the Almanac of Lightness
 85181 | Hell     | Entered the Vestibule of Hell
 85181 | Hell     | Noticed Geryon
 85191 | Hell     | Killed Geryon
 85191 | Hell     | Reached skill level 1 in Spellcasting
 85236 | Hell     | Received a gift from Okawaru
 85275 | Hell     | Found a gateway to the freezing wastes of Cocytus.
 85436 | Hell     | Found a gateway to the ashen valley of Gehenna.
 85533 | Hell     | Reached skill level 5 in Spellcasting
 85663 | Hell     | Found a gateway to the Iron City of Dis.
 85885 | Hell     | Found a gateway to the decaying netherworld of Tartarus.
 86111 | Zig:1    | Entered Level 1 of a ziggurat
 86186 | Zig:2    | Entered Level 2 of a ziggurat
 86213 | Zig:3    | Entered Level 3 of a ziggurat
 86241 | Zig:3    | Identified the Catalogue of the Torrid Compass
 86357 | Zig:4    | Entered Level 4 of a ziggurat
 86390 | Zig:4    | Learned a level 6 spell: Starburst
 86419 | Zig:5    | Entered Level 5 of a ziggurat
 86455 | Zig:6    | Entered Level 6 of a ziggurat
 86703 | Zig:7    | Entered Level 7 of a ziggurat
 86858 | Zig:7    | Got a warped tin ring
 86873 | Zig:7    | Identified the +2 pair of boots "Buddax" {Regen+} (You
                  | found it on level 7 of a ziggurat)
 86874 | Zig:7    | Identified the ring of Tagrevog {Wiz +Blink rElec Slay+2}
                  | (You found it on level 7 of a ziggurat)
 86879 | Zig:8    | Entered Level 8 of a ziggurat
 86929 | Zig:8    | Reached skill level 1 in Conjurations
 86929 | Zig:8    | Reached skill level 1 in Fire Magic
 87012 | Zig:9    | Entered Level 9 of a ziggurat
 87025 | Zig:9    | Received a gift from Okawaru
 87100 | Zig:10   | Entered Level 10 of a ziggurat
 87107 | Zig:10   | Noticed Piolun the pandemonium lord
 87107 | Zig:10   | Noticed Povaorut the pandemonium lord
 87117 | Zig:10   | Killed Piolun the pandemonium lord
 87123 | Zig:10   | Killed Povaorut the pandemonium lord
 87123 | Zig:10   | Received a gift from Okawaru
 87205 | Zig:10   | Identified the Volume of the Congealing Escort
 87226 | Zig:10   | Identified Sif Muna's Reference Book on Aid
 87234 | Zig:11   | Entered Level 11 of a ziggurat
 87250 | Zig:11   | Received a gift from Okawaru
 87317 | Zig:11   | Identified the Guide on Stones and Contamination
 87434 | Zig:12   | Entered Level 12 of a ziggurat
 87518 | Zig:13   | Entered Level 13 of a ziggurat
 87529 | Zig:13   | Noticed a greater mummy
 87532 | Zig:13   | Received a gift from Okawaru
 87533 | Zig:13   | Killed a greater mummy
 87534 | Zig:13   | Noticed a greater mummy
 87540 | Zig:13   | Killed a greater mummy
 87550 | Zig:13   | Found the +5 robe of Night {Dark MR+ SInv}
 87984 | Zig:13   | Identified the Handbook of Lightness and Malediction
 87986 | Zig:13   | Identified the Grimoire of Supportive Evil
 88005 | Zig:14   | Entered Level 14 of a ziggurat
 88014 | Zig:14   | Noticed a juggernaut
 88015 | Zig:14   | Killed a juggernaut
 88015 | Zig:14   | Noticed a juggernaut
 88023 | Zig:14   | Killed a juggernaut
 88029 | Zig:14   | Received a gift from Okawaru
 88046 | Zig:14   | Got a jewelled tower shield {god gift}
 88057 | Zig:14   | Identified the +10 tower shield of a sewer {rPois MP+9
                  | Int+2 Stlth-} (Okawaru gifted it to you on level 14 of a
                  | ziggurat)
 88064 | Zig:14   | Found the +7 sceptre of Torment {pain, torment}
 88178 | Zig:14   | Identified the +9 demon blade of Fyoz {vamp, rElec rPois}
                  | (You found it on level 14 of a ziggurat)
 88187 | Zig:15   | Entered Level 15 of a ziggurat
 88195 | Zig:15   | Noticed Doge the pandemonium lord
 88204 | Zig:15   | Killed Doge the pandemonium lord
 88204 | Zig:15   | HP: 14/300 [soul eater/drain life[a shadow demon] (3)]
 88209 | Zig:15   | HP: 4/300 [smoke demon/divine providence[a shadow demon]
                  | (11)]
 88210 | Zig:15   | Killed from afar by a balrug

Illustrated notes

Levels and vault maps discovered:
D:1:      evilmike_arrival_rings, layout_rooms, minmay_misc_feat_iff
D:2:      layout_loops_ring, lemuel_coloured_pillars_altar, minmay_cut_off
D:3:      layout_basic, overflow_temple_1_default,
          nicolae_overflow_crystal_walls, minmay_diced_spiral
D:4:      layout_loops_corners, marbit_many_paths, grunt_qazlal_clouds,
          first_ration, grunt_ministairs_3
D:5:      layout_basic, lemuel_crystal_altar, lemuel_crystal_altar
D:6:      layout_cave_pods, minmay_temple_entry_gardened_gates
D:7:      cheibrodos_barr_body, layout_rooms, nicolae_overflow_hidden_temple,
          elyvilon_altar_1, nicolae_ossuary_entry_plus
D:8:      layout_basic, old_standard_altar, serial_shops, shop, hangedman_ranch
          [blue_anna_fruit_fields], uniq_prince_ribbit1
D:9:      layout_basic, kiku_gazebo_pond_becter, lair_entry_dummy, serial_shops,
          shop, special_room [special_room_orc], basic_altar,
          lemuel_angel_altar, uniq_harold, uniq_erolcha, uniq_maurice
D:10:     layout_gridville, st_stairs_10, minmay_ruffians
D:11:     layout_big_octagon, hiddenorc2_lemuel, gammafunk_ghost_hive
D:12:     minmay_the_grid_4x2 [minmay_the_grid_aliased_spiral,
          minmay_the_grid_eight, minmay_the_grid_zigzag_pyramid,
          minmay_the_grid_dragon_b, minmay_the_grid_dragon_a,
          minmay_the_grid_holed_spiral, minmay_the_grid_minigrid_small,
          minmay_the_grid_prize_trominoes], layout_stronghold, roderic_batcave,
          uniq_azrael
D:13:     gammafunk_beogh_shrine, layout_stronghold, david_vaults_1,
          serial_shops, nicolae_shop_crystal, minmay_door_square,
          kennysheep_another_room
D:14:     layout_irregular_city, enter_bailey_2, gauntlet_entry_generic,
          uniq_nessos
D:15:     hangedman_depths_entry_civil_slaughter, layout_loops_cross,
          nicolae_ru_the_path_less_chosen, lemuel_flame_loot_1
Temple:   pf_slimified_temple
Lair:1:   cheibrodos_lair_river_kwai, layout_layer_cave,
          infiniplex_staircase_pool
Lair:2:   dragon1_lemuel, layout_gridlike, grunt_megastairs_2,
          lemuel_fruit_fields, minmay_lair_oklob_chamber, lemuel_fruit_tree,
          uniq_gastronok, uniq_nergalle, uniq_sonja
Lair:3:   layout_roguey, minmay_shoals_entry_centaurs, beast_lair_carwin_9
Lair:4:   layout_gridlike, minmay_snake_entry_spellcaster, serial_bayou_shore_b,
          uniq_urug
Lair:5:   layout_misc_corridors
Lair:6:   gammafunk_lair_ancient_temple, layout_gridlike, slime_altar_1,
          chequers_serial_rivers_marsh, serial_bayou_lake_a
Shoals:1: layout_shoals, ebering_ghost_davey_jones
Shoals:2: layout_shoals, nicolae_shoals_c_island
Shoals:3: layout_shoals, uniq_polyphemus
Shoals:4: shoals_end_grunt_ice, layout_shoals, shoals_ilsuiw_ice, uniq_nikola
Snake:1:  layout_rooms, drop_trap, corexii_hall_statues_deadend
Snake:2:  layout_layer_cave, minmay_shoptagon, uniq_saint_roka
Snake:3:  layout_rooms, serial_shops, shop_fountains,
          nicolae_shop_overgrown_old_shop, nicolae_shop_window_shopping,
          nicolae_shop_crystal, nicolae_shop_stone, grunt_megastairs_1
Snake:4:  minmay_snake_end_coiled, layout_rooms, basic_altar, minmay_shop_mayhem
Slime:1:  layout_caves
Slime:2:  layout_caves
Slime:3:  layout_caves
Slime:4:  layout_caves
Slime:5
Orc:1:    layout_caves, mines2_david
Orc:2:    st_orc_rangers, layout_caves, nicolae_alphabet_shops, mines5_lemuel,
          uniq_donald, uniq_snorg
Elf:1:    eino_elf_arrival_sip, layout_geoelf_diagonals,
          kennysheep_underground_church, grunt_megastairs_5
Elf:2:    layout_onion_city
Elf:3:    elf_hall, layout_geoelf_diagonals, serial_shops, bzr_entry_road
Vaults:1: v_pattern_2, nicolae_vaults_alarming, hangedman_vaults_cutoff,
          nicolae_vaults_octagons, v_misc_8, serial_ice_b,
          vaults_mumra_minichess, hangedman_vaults_capsules,
          vaults_room_fancy_cross, nicolae_vaults_diagonal_hallway_7,
          vaults_dpeg_encased_lava, ontoclasm_vaults_decontamination,
          layout_vaults_omnibox, serial_shops, nicolae_shop_crystal,
          portal_desolation_entry_twin_temple, mu_enter_wizlab_1
Vaults:2: dpeg_vaults_monster_row, vaults_dpeg_spiral, vaults_mumra_hex,
          ontoclasm_vaults_shuriken, ontoclasm_vaults_ring_large,
          vaults_standard_mumra_x, vaults_dpeg_diagonal, hangedman_vaults_pinch,
          grunt_vaults_hallway_short, layout_vaults_omnicross
Vaults:3: nicolae_vaults_triangles, v_rooms_2, hangedman_vaults_corner,
          vaults_mumra_minichess_inversion, hangedman_vaults_maws,
          hangedman_vaults_nails, ontoclasm_vaults_gateway,
          ontoclasm_vaults_bender, nicolae_vaults_quartermaster,
          nicolae_vaults_diagonal_hallway_6, nicolae_vaults_asterisk,
          layout_vaults_omnigrid, minmay_crypt_entry_nasty_monster
Vaults:4: hangedman_vaults_slither, nicolae_vaults_theta, v_misc_3,
          v_alt_pattern_1, nicolae_vaults_fighting_squares,
          hangedman_vaults_trim, vaults_room_fours,
          nicolae_vaults_border_crossing, nicolae_vaults_puzzle_piece,
          nicolae_vaults_little_ls, grunt_vaults_hallway_short,
          vaults_mumra_chevron, layout_vaults_maze_snakey, serial_shops,
          shop_fountains
Vaults:5: serial_shops
Crypt:1:  layout_chaotic_city, uniq_jory
Crypt:2:  layout_regular_city, skrybe_necro_troll_1
Crypt:3:  quadcrypt_mu, uniq_frederick
Tomb:1
Tomb:2
Tomb:3
Depths:1: layout_gridlike, rand_demon_pan_entry_1, hellmouth_1, serial_shops,
          nicolae_shop_statue_plus, kennysheep_potato
Depths:2: box_level_dp, hell_entry
Depths:3: mu_elephants_graveyard, layout_gridlike, minmay_misc_feat_roman,
          pf_hell_entry_tar_spiral, abyss_entry, grunt_pan_entry_in_and_out,
          uniq_bai_suzhen
Depths:4: evilmike_halls_of_destruction, layout_basic, enter_ziggurat_a,
          hell_entry, hangedman_glass_teeth, abyss_entry, pan_entry,
          kennysheep_random_hallway
Depths:5: grunt_zot_entry_alcove, layout_long_grid, grunt_hell_entry_dis_grunt,
          tso_altar, serial_glass, glass_columns_b, glass_columns_a,
          glass_columns_c, glass_columns_c, abyss_entry, minmay_misc_feat_cross,
          serial_bayou_shore_b, uniq_margery
Hell
Zig:15

Skill      XL: |  1  2  3  4  5  6  7  8  9 10 11 12 13 14 15 16 17 18 19 20 21 22 23 24 25 26 27 |
---------------+----------------------------------------------------------------------------------+-----
Dodging        | 3 4 5 6 7 8 10 11 12 13 14 16 17 18 21 | 21.7
Long Blades    | 3 4 5 6 7 9 10 11 12 13 14 16 17 20 22 | 22.4
Fighting       | 3 4 5 6 7 8 10 12 14 15 16 17 22 | 22.0
Shields        | 1 2 3 4 7 9 10 11 13 15 | 15.1
Armour         | 1 3 4 5 7 9 10 11 12 14 16 17 18 20 | 20.1
Throwing       | 2 4 6 7 8 10 11 14 15 16 19 | 19.5
Invocations    | 3 5 7 8 10 12 | 12.6
Spellcasting   | 8 |  8.6
Conjurations   | 3 |  3.1
Fire Magic     | 2 |  2.7

Action                   |  1- 3 |  4- 6 |  7- 9 | 10-12 | 13-15 | 16-18 | 19-21 | 22-24 | 25-27 || total
-------------------------+-------+-------+-------+-------+-------+-------+-------+-------+-------++-------
Melee: Long sword        |    91 |   164 |   326 |   407 |       |       |       |       |       ||   988
       Headbutt          |       |    19 |   107 |   174 |   273 |   320 |   325 |   440 |   702 ||  2360
       Scimitar          |       |       |       |   149 |   142 |  1065 |   932 |   508 |       ||  2796
       Great sword       |       |       |       |       |   719 |    75 |       |       |       ||   794
       Double sword      |       |       |       |       |       |       |       |   700 |  1755 ||  2455
Throw: Boomerang         |       |       |    36 |   204 |   313 |   387 |       |       |       ||   940
       Javelin           |       |       |       |     7 |    31 |    32 |   256 |   117 |   456 ||   899
Invok: Heroism           |       |       |       |    14 |    12 |    10 |    13 |     5 |    30 ||    84
       Finesse           |       |       |       |     1 |     6 |     4 |     2 |     1 |     7 ||    21
 Abil: Stop Flying       |       |       |       |       |     1 |       |       |       |       ||     1
Evoke: Wand              |       |       |       |       |     7 |       |       |       |       ||     7
  Use: Scroll            |       |       |     9 |     7 |    10 |    10 |    24 |     5 |    41 ||   106
       Potion            |       |       |       |     1 |     4 |     2 |     6 |       |    31 ||    44
 Stab: Distracted        |       |       |     1 |     9 |     4 |     8 |     3 |     7 |    10 ||    42
       Sleeping          |       |       |       |     1 |    15 |       |     1 |       |       ||    17
       Petrified         |       |       |       |       |       |       |     2 |       |       ||     2
       Petrifying        |       |       |       |       |       |       |     1 |       |       ||     1
       Confused          |       |       |       |       |       |       |       |       |     1 ||     1
  Eat: Chunk             |     1 |     5 |    15 |    19 |    39 |    24 |    21 |    42 |    14 ||   180
       Ration            |       |       |       |     1 |     2 |     4 |     5 |     1 |    19 ||    32
Armor: Leather armour    |    19 |    46 |    39 |    66 |   212 |       |       |       |       ||   382
       Scale mail        |       |       |    37 |       |       |       |       |       |       ||    37
       Ring mail         |       |       |       |   123 |       |       |    23 |       |       ||   146
       Chain mail        |       |       |       |       |    21 |   403 |   223 |       |       ||   647
       Crystal plate arm |       |       |       |       |       |       |       |   423 |   266 ||   689
       Gold dragon scale |       |       |       |       |       |       |       |       |   565 ||   565
Dodge: Dodged            |    51 |    94 |   232 |   506 |  1151 |   626 |   685 |   517 |  1052 ||  4914
       Repelled          |       |       |       |     1 |   102 |    65 |    52 |    55 |    44 ||   319
Block: Buckler           |     3 |    29 |    83 |   150 |    12 |       |       |       |       ||   277
       Kite shield       |       |       |       |       |    78 |   530 |   598 |   708 |  1448 ||  3362
       Reflection        |       |       |       |       |    29 |    62 |    61 |   113 |    82 ||   347
       Tower shield      |       |       |       |       |       |       |       |       |    12 ||    12
       Rpst.: Long sword |    14 |    31 |    74 |    90 |       |       |       |       |       ||   209
       Scimitar          |       |       |       |    41 |    22 |   107 |   140 |    41 |       ||   351
       Great sword       |       |       |       |       |   219 |    11 |       |       |       ||   230
       Double sword      |       |       |       |       |       |       |       |    59 |   203 ||   262
